 Dungeon Crawl Stone Soup version 0.21.0-37-g46506fa (webtiles) character file.

342 Monsterracer the Stinger (level 6, -2/44 HPs)
             Began as a Gnoll Venom Mage on Jan 30, 2018.
             Slain by a worker ant (6 damage)
             ... on level 5 of the Dungeon.
             The game lasted 00:09:34 (4529 turns).

Monsterracer the Stinger (Gnoll Venom Mage)         Turns: 4529, Time: 00:09:35

Health: -2/44      AC:  4    Str: 10    XL:     6   Next: 57%
Magic:  2/14       EV: 14    Int: 19    God:
Gold:   234        SH:  0    Dex: 16    Spells: 7/15 levels left

rFire    . . .     SeeInvis +   a - +1 mace (drain)
rCold    . . .     Gourm    .   (no shield)
rNeg     . . .     Faith    .   y - +0 leather armour
rPois    .         Spirit   .   (no helmet)
rElec    .         Reflect  .   (no cloak)
rCorr    .         Harm     .   x - +0 pair of gloves
MR       .....                  (no boots)
Stlth    +++.......             (no amulet)
HPRegen  0.14/turn              p - ring of see invisible
MPRegen  0.14/turn              (no ring)

@: lethally poisoned (-2 -> -10)
A: distributed training, fangs 1, strong nose
a: no special abilities


You were on level 5 of the Dungeon.
You were not hungry.

You visited 1 branch of the dungeon, and saw 5 of its levels.

You collected 234 gold pieces.

Inventory:

Hand Weapons
 a - a +1 mace of draining (weapon)
 b - a +0 hunting sling
 j - a +0 quarterstaff
 r - a +0 short sword
Missiles
 n - 88 stones (quivered)
 u - 16 sling bullets
Armour
 f - a +0 shield
 s - a +0 ring mail
 x - a +0 pair of gloves (worn)
 y - a +0 leather armour (worn)
Jewellery
 p - a ring of see invisible (left hand)
Wands
 o - a wand of paralysis (30)
Scrolls
 i - 3 scrolls of remove curse
 l - 2 scrolls of amnesia
Potions
 e - a potion of cancellation
 g - a potion of brilliance
 h - 2 potions of haste
 k - a potion of flight
 q - 2 potions of curing
 z - a potion of berserk rage {unknown}
Books
 d - a book of Maledictions

   Spells                             Type                      Level
   a - Corona                         Hexes                        1
   b - Ensorcelled Hibernation        Hexes/Ice                    2
   c - Confuse                        Hexes                        3
   d - Tukima's Dance                 Hexes                        3
   e - Dazzling Spray                 Conjuration/Hexes            3
 m - a Young Poisoner's Handbook

   Spells                             Type                      Level
   a - Sting                          Conjuration/Poison           1
   b - Poisonous Vapours              Poison/Air                   2
   c - Mephitic Cloud                 Conjuration/Poison/Air       3
   d - Olgreb's Toxic Radiance        Poison                       4
   e - Venom Bolt                     Conjuration/Poison           5
Comestibles
 c - 8 rations


   Skills:
 + Level 2.0 Fighting
 + Level 2.0 Short Blades
 + Level 2.0 Long Blades
 + Level 2.0 Axes
 + Level 2.0 Maces & Flails
 + Level 2.0 Polearms
 + Level 2.0 Staves
 + Level 2.0 Slings
 + Level 2.0 Bows
 + Level 2.0 Crossbows
 + Level 2.0 Throwing
 + Level 2.0 Armour
 + Level 5.0 Dodging
 + Level 4.6 Stealth
 + Level 2.0 Shields
 + Level 2.0 Unarmed Combat
 + Level 5.4 Spellcasting
 + Level 2.6 Conjurations
 + Level 1.5 Hexes
 + Level 1.5 Charms
 + Level 1.5 Summonings
 + Level 1.5 Necromancy
 + Level 1.5 Translocations
 + Level 1.5 Transmutations
 + Level 1.5 Fire Magic
 + Level 1.5 Ice Magic
 + Level 1.5 Air Magic
 + Level 1.5 Earth Magic
 + Level 5.6 Poison Magic
 + Level 2.2 Invocations
 + Level 2.0 Evocations


You had 7 spell levels left.
You knew the following spells:

 Your Spells              Type           Power        Failure   Level  Hunger
a - Sting                 Conj/Pois      ###.         2%          1    None
b - Mephitic Cloud        Conj/Pois/Air  ###.....     12%         3    ##.....
c - Olgreb's Toxic Radia  Pois           ####....     16%         4    ####...


Dungeon Overview and Level Annotations

Branches:
Dungeon (5/15)
 Temple: D:4-7

Altars:
Dithmenos


Innate Abilities, Weirdness & Mutations

Your experience applies equally to all skills.
You have very sharp teeth.
Your uncanny sense of smell can sniff out nearby items.


Message History

You see here an arrow.
You see here 2 arrows.
Casting: Mephitic Cloud
Confirm with . or Enter, or press ? or * to list all spells.
Aiming: Sting
Press: ? - help, Shift-Dir - straight line, f - scorpion
Aim: a scorpion The sting hits the scorpion.
The scorpion is poisoned.
The scorpion is lightly wounded.
You now have 6/14 mp.
Casting: Sting
Confirm with . or Enter, or press ? or * to list all spells.
Aiming: Sting
Press: ? - help, Shift-Dir - straight line, f/p - scorpion
Aim: a scorpion (moderately wounded, poisoned)
The sting hits the scorpion.
The scorpion is moderately wounded.
The crimson imp shouts!
The scorpion looks more healthy.
You see here a scroll of identify.
Casting: Sting
Confirm with . or Enter, or press ? or * to list all spells.
Aiming: Sting
Press: ? - help, Shift-Dir - straight line, f/p - scorpion
Aim: a scorpion (severely wounded)
The sting hits the scorpion.
The scorpion is poisoned.
The scorpion is almost dead.
You now have 5/14 mp.
t - a scroll of identify The crimson imp blinks!
As you read the scroll of identify, it crumbles to dust.
q - 2 potions of curing You kill the scorpion!
Your Fighting skill increases to level 2!
Your Short Blades skill increases to level 2!
Your Long Blades skill increases to level 2!
Your Axes skill increases to level 2!
Your Maces & Flails skill increases to level 2!
Your Polearms skill increases to level 2!
Your Staves skill increases to level 2!
Your Slings skill increases to level 2!
Your Bows skill increases to level 2!
Your Crossbows skill increases to level 2!
Your Throwing skill increases to level 2!
Your Armour skill increases to level 2!
Your Dodging skill increases to level 5!
Your Shields skill increases to level 2!
Your Unarmed Combat skill increases to level 2!
Your Evocations skill increases to level 2!
A giant cockroach and a scorpion come into view.
The crimson imp hits you.
* * * LOW HITPOINT WARNING * * *
The scorpion moves out of view.
You take 2 damage, and have 9/44 hp.
You closely miss the crimson imp. The crimson imp closely misses you.
A worker ant comes into view.
You closely miss the crimson imp. The crimson imp barely misses you.
The crimson imp hits you.
* * * LOW HITPOINT WARNING * * *
You take 2 damage, and have 7/44 hp.
Casting: Sting
Confirm with . or Enter, or press ? or * to list all spells.
Aiming: Sting
Press: ? - help, Shift-Dir - straight line, f - worker ant
Aim: a worker ant (hasn't noticed you)
The sting hits the worker ant.
The worker ant appears unharmed.
The worker ant twitches its antennae in your direction.
The crimson imp closely misses you.
You now have 5/14 mp.
Casting: Sting
Confirm with . or Enter, or press ? or * to list all spells.
Aiming: Sting
Press: ? - help, Shift-Dir - straight line, f/p - worker ant
Aim: a worker ant The sting hits the worker ant.
The worker ant appears unharmed.
The crimson imp closely misses you.
You now have 4/14 mp.
Casting: Sting
Confirm with . or Enter, or press ? or * to list all spells.
Aiming: Sting
Press: ? - help, Shift-Dir - straight line, f/p - worker ant
Aim: a worker ant The sting hits the worker ant.
The worker ant appears unharmed.
The crimson imp hits you.
* * * LOW HITPOINT WARNING * * *
You now have 3/14 mp.
Unknown command.
Casting: Sting
Confirm with . or Enter, or press ? or * to list all spells.
Aiming: Sting
Press: ? - help, Shift-Dir - straight line, f/p - worker ant
Aim: a worker ant The sting hits the worker ant.
The worker ant appears unharmed.
The worker ant bites you.
* * * LOW HITPOINT WARNING * * *
You are lethally poisoned!
The worker ant poisons you!
The crimson imp hits you but does no damage.
The worker ant bites you.
You die...

.. .>... ..##.... ##...#.
...##.....### #..##..##
..........# ...........#
#..†.(.#> ...
#......#####..#....
##..##..........(........
#..##..........(.....(...
#..##......a.............
#####.........5@...........?.
#..................(.........
#....<...#.......s...?.......
#.......######...............
#....†.## ##.............
#.....## ##...........
#.....# ########### #.<...#
#.....#


You could see a worker ant, a crimson imp and a giant cockroach.

Vanquished Creatures
  A sky beast (D:5)
  A scorpion (D:5)
  2 orc wizards (D:3)
  5 adders
  4 worms
  3 dart slugs (D:1)
  2 leopard geckos
  12 orcs
  A ball python (D:2)
  3 giant cockroaches
  5 goblins
  5 hobgoblins
  4 jackals (D:3)
  8 kobolds
  A quokka (D:5)
  5 bats
  4 frilled lizards
  8 rats
74 creatures vanquished.

Notes
Turn   | Place    | Note
-------+----------+-------------------------------------------
     0 | D:1      | Monsterracer the Gnoll Venom Mage began the quest for the Orb.
     0 | D:1      | Reached XP level 1. HP: 13/13 MP: 6/6
    61 | D:1      | HP: 2/13 [leopard gecko (5)]
   510 | D:1      | Reached XP level 2. HP: 15/19 MP: 4/7
  1218 | D:2      | Reached XP level 3. HP: 19/25 MP: 3/9
  1227 | D:2      | Reached skill level 5 in Spellcasting
  1381 | D:2      | Reached skill level 1 in Invocations
  1442 | D:2      | Learned a level 3 spell: Mephitic Cloud
  1632 | D:2      | Reached skill level 1 in Fighting
  1632 | D:2      | Reached skill level 1 in Short Blades
  1632 | D:2      | Reached skill level 1 in Long Blades
  1632 | D:2      | Reached skill level 1 in Axes
  1632 | D:2      | Reached skill level 1 in Maces & Flails
  1632 | D:2      | Reached skill level 1 in Polearms
  1632 | D:2      | Reached skill level 1 in Staves
  1632 | D:2      | Reached skill level 1 in Slings
  1632 | D:2      | Reached skill level 1 in Bows
  1632 | D:2      | Reached skill level 1 in Crossbows
  1632 | D:2      | Reached skill level 1 in Throwing
  1632 | D:2      | Reached skill level 1 in Armour
  1632 | D:2      | Reached skill level 1 in Shields
  1632 | D:2      | Reached skill level 1 in Unarmed Combat
  1632 | D:2      | Reached skill level 1 in Evocations
  1905 | D:2      | Reached XP level 4. HP: 31/32 MP: 11/11
  1993 | D:2      | Learned a level 4 spell: Olgreb's Toxic Radiance
  2154 | D:3      | Found a shadowy altar of Dithmenos.
  2183 | D:3      | HP: 13/32 [orc/flail (8)]
  2512 | D:3      | Reached skill level 1 in Hexes
  2512 | D:3      | Reached skill level 1 in Charms
  2512 | D:3      | Reached skill level 1 in Summonings
  2512 | D:3      | Reached skill level 1 in Necromancy
  2512 | D:3      | Reached skill level 1 in Translocations
  2512 | D:3      | Reached skill level 1 in Transmutations
  2512 | D:3      | Reached skill level 1 in Fire Magic
  2512 | D:3      | Reached skill level 1 in Ice Magic
  2512 | D:3      | Reached skill level 1 in Air Magic
  2512 | D:3      | Reached skill level 1 in Earth Magic
  2549 | D:3      | Reached XP level 5. HP: 37/37 MP: 9/12
  4446 | D:5      | Entered Level 5 of the Dungeon
  4493 | D:5      | Noticed a sky beast
  4505 | D:5      | Killed a sky beast
  4505 | D:5      | Reached XP level 6. HP: 26/44 MP: 10/14
  4508 | D:5      | HP: 21/44 [centaur/arrow (6)]
  4510 | D:5      | HP: 9/44 [centaur/arrow (8)]
  4522 | D:5      | Reached skill level 5 in Dodging
  4523 | D:5      | HP: 9/44 [crimson imp (2)]
  4528 | D:5      | HP: 7/44 [crimson imp (1)]
  4529 | D:5      | Slain by a worker ant

Skill      XL: |  1  2  3  4  5  6 |
---------------+-------------------+-----
Conjurations   | 2 |  2.6
Spellcasting   | 5 |  5.4
Invocations    | 1 2 |  2.2
Fighting       | 1 2 |  2.0
Short Blades   | 1 2 |  2.0
Long Blades    | 1 2 |  2.0
Axes           | 1 2 |  2.0
Maces & Flails | 1 2 |  2.0
Polearms       | 1 2 |  2.0
Staves         | 1 2 |  2.0
Slings         | 1 2 |  2.0
Bows           | 1 2 |  2.0
Crossbows      | 1 2 |  2.0
Throwing       | 1 2 |  2.0
Armour         | 1 2 |  2.0
Shields        | 1 2 |  2.0
Unarmed Combat | 1 2 |  2.0
Evocations     | 1 2 |  2.0
Hexes          | 1 |  1.5
Charms         | 1 |  1.5
Summonings     | 1 |  1.5
Necromancy     | 1 |  1.5
Translocations | 1 |  1.5
Transmutations | 1 |  1.5
Fire Magic     | 1 |  1.5
Ice Magic      | 1 |  1.5
Air Magic      | 1 |  1.5
Earth Magic    | 1 |  1.5
Dodging        | 5 |  5.0
Stealth        | |  4.6
Poison Magic   | |  5.6

Action                   |  1- 3 |  4- 6 || total
-------------------------+-------+-------++-------
Melee: Whip              |     6 |       ||     6
       Short sword       |    19 |    37 ||    56
       Bite              |     1 |     2 ||     3
       Mace              |       |    34 ||    34
       Punch             |       |     1 ||     1
 Fire: Hunting sling     |     2 |       ||     2
 Cast: Sting             |    54 |    67 ||   121
       Olgreb's Toxic Ra |       |     1 ||     1
       Mephitic Cloud    |       |     1 ||     1
  Use: Scroll            |       |    12 ||    12
 Stab: Sleeping          |     2 |     1 ||     3
  Eat: Chunk             |     2 |     6 ||     8
       Ration            |       |     1 ||     1
Armor: Robe              |     6 |     7 ||    13
       Leather armour    |       |     7 ||     7
Dodge: Dodged            |    26 |    69 ||    95

Vault maps used:
D:1:      dpeg_arrival_orchard
D:3:      first_ration, nicolae_dithmenos_through_a_glass_darkly
D:5:      basic_altar
